 Dungeon Crawl Stone Soup version 0.31.0-11-ge490571c62 (webtiles) character file.

Game seed: 8075693981126675707

136 hawla the Conjurer (level 4, -3/28 HPs)
             Began as a Deep Elf Conjurer on Feb 5, 2024.
             Slain by a gnoll
             ... wielding a +0 spear
              (4 damage)
             ... on level 3 of the Dungeon.
             The game lasted 00:06:03 (2524 turns).

hawla the Conjurer (Deep Elf Conjurer)              Turns: 2524, Time: 00:06:03

Health: -3/28      AC:  2    Str:  3 (4)  XL:     4   Next: 98%
Magic:  3/10       EV: 12    Int: 23 (25) God:
Gold:   90         SH:  0    Dex: 12 (13) Spells: 6/9 levels left

rFire   . . .        f - staff of conjuration
rCold   . . .        n - orb {*channel}
rNeg    . . .        a - +0 robe
rPois   +            (no helmet)
rElec   .            (no cloak)
rCorr   +            (no gloves)
SInv    .            (no boots)
Will    .....        (no amulet)
Stlth   ++           e - ring of poison resistance
HPRegen 0.24/turn    j - ring of resist corrosion
MPRegen 0.12/turn

%: channel magic (20%)
@: no status effects
A: no striking features
a: no special abilities


You were on level 3 of the Dungeon.
You visited 1 branch of the dungeon, and saw 4 of its levels.

You collected 90 gold pieces.

Inventory:

Armour
 a - a +0 robe (worn)
 n - an orb of energy (worn)
Magical Staves
 f - a staff of conjuration (weapon)
Jewellery
 e - a ring of poison resistance (left hand)
 j - a ring of resist corrosion (right hand)
 l - an amulet of guardian spirit
Scrolls
 d - a scroll of fog {unknown}
 g - a scroll of vulnerability
 k - 2 scrolls of identify
Potions
 b - a potion of magic
 c - a potion of enlightenment
 h - a potion of degeneration
 i - a potion of berserk rage
 m - a potion of invisibility {unknown}
 o - a potion of curing {unknown}


   Skills:
 - Level 3.0 Fighting
 - Level 2.4 Dodging
 - Level 4.0 Stealth
 - Level 3.0 Spellcasting
 - Level 4.3 Conjurations
 + Level 1.4 Evocations


You had 6 spell levels left.
You knew the following spells:

 Your Spells              Type           Power      Damage    Failure   Level
a - Magic Dart            Conj           100%       1d8       8%          1
b - Searing Ray           Conj           70%        2d7       11%         2

Your spell library contained the following spells:

 Spells                   Type           Power      Damage    Failure   Level
 Fulminant Prism          Conj/Alch      10%        3d9       65%         4
 Iskenderun's Mystic Bla  Conj/Tloc      20%        2d6       65%         4


Dungeon Overview and Level Annotations

Branches:
Dungeon (4/15)
 Temple: D:4-7

Altars:
Makhleb

Shops:
D:1 !


Message History

Found a scroll labelled HURGHI TIRAIN and 12 gold pieces.
Found a stone staircase leading up.
There is a stone staircase leading up here.
The gnoll closely misses you. x2
You climb upwards.
There is a stone staircase leading down here.
Casting: Searing Ray (safe; 10% risk of failure)
Confirm with . or Enter, or press ? or * to list all spells.
Aiming: Searing Ray (safe; 10% risk of failure)
Press: ? - help, Shift-Dir - straight line, f - gnoll
Aim: a gnoll, wielding a +0 flail (83% to hit)
You feel a surge of power!
The searing ray hits the gnoll.
The gnoll is heavily wounded. (Press . to maintain the ray.)
The gnoll completely misses you. The gnoll closely misses you.
The searing ray misses the gnoll.
The gnoll closely misses you. The gnoll hits you with a +0 flail!
The searing ray hits the gnoll.
You kill the gnoll!
The gnoll hits you with a +0 spear.
Unknown command.
Casting: Searing Ray (safe; 10% risk of failure)
Confirm with . or Enter, or press ? or * to list all spells.
Restarting spell: Searing Ray (safe; 10% risk of failure)
Press: ? - help, Shift-Dir - straight line, f - gnoll
Aim: a gnoll, wielding a +0 spear (83% to hit)
You feel a surge of power!
The searing ray misses the gnoll. (Press . to maintain the ray.)
The gnoll hits you with a +0 spear.
* * * LOW HITPOINT WARNING * * *
The searing ray hits the gnoll.
The gnoll is heavily wounded.
The gnoll hits you with a +0 spear.
* * * LOW HITPOINT WARNING * * *
Unknown command.
It was a potion of degeneration.
There was something very wrong with that liquid.
You feel weakened.
You feel dopey.
You feel clumsy. The gnoll hits you with a +0 spear.
You die...

### #2#
############
#.(..#.....#
#....#.###.#
†....#.# #.#
.....#.###.#######
...............)@#
.......#########g#
...[.### #.#
.#.#.# #.# ....(#
#.# .#.#.# #.#
.....# #.# .#.#.#
#.# .....# #.#


You could see a gnoll.

Vanquished Creatures
  An orc priest (D:3)
  4 gnolls
  An adder (D:2)
  A dart slug (D:1)
  2 orcs (D:3)
  6 ball pythons
  4 bats
  3 endoplasms
  2 giant cockroaches (D:2)
  2 goblins (D:2)
  7 hobgoblins
  12 kobolds
  2 quokkas
  4 frilled lizards
  4 rats
55 creatures vanquished.

Notes
Turn   | Place    | Note
-------+----------+-------------------------------------------
     0 | D:1      | hawla the Deep Elf Conjurer began the quest for the Orb.
     0 | D:1      | Reached XP level 1. HP: 10/10 MP: 6/6
   197 | D:1      | Reached skill level 1 in Fighting
   302 | D:1      | Found Owuus's Distillery.
   389 | D:1      | Reached XP level 2. HP: 6/16 MP: 6/8
   392 | D:1      | Learned a level 2 spell: Searing Ray
  1256 | D:2      | Reached XP level 3. HP: 21/21 MP: 3/9
  1597 | D:2      | Reached XP level 4. HP: 20/28 MP: 1/10
  2178 | D:3      | Reached skill level 1 in Evocations
  2292 | D:3      | Found a burning altar of Makhleb.
  2294 | D:3      | Noticed a balrug
  2523 | D:3      | HP: 1/28 [gnoll/+0 spear (6)]
  2524 | D:3      | Slain by a gnoll

Illustrated notes

Levels and vault maps discovered:
D:1:      nagdon_arrival_double_spiral, layout_loops_ring, serial_shops,
          nicolae_shop_hallway_plus, item_on_display_a
D:2:      layout_rooms, st_stairs_1
D:3:      layout_basic, makhleb_altar_promises_db, kennysheep_doodads,
          chequers_jeans, minmay_misc_feat_four_crosses, st_stairs_8
D:4:      layout_loops_ring, mainiacjoe_overflow_divided_tiny, enter_ossuary_1

Skill      XL: |  1  2  3  4 |
---------------+-------------+-----
Fighting       | 1 2 3 |  3.0
Stealth        | 4 |  4.0
Evocations     | 1 |  1.4
Dodging        | |  2.4
Spellcasting   | |  3.0
Conjurations   | |  4.3

Action                     |  1- 3 |  4- 6 || total
---------------------------+-------+-------++-------
  Melee: Staff             |    12 |    14 ||    26
         Unarmed           |     2 |       ||     2
         Punch             |       |     1 ||     1
   Cast: Magic Dart        |    38 |     6 ||    44
         Searing Ray       |    12 |    11 ||    23
    Use: Scroll            |       |     6 ||     6
         Potion            |       |     1 ||     1
 Armour: Robe              |    18 |    14 ||    32
  Dodge: Dodged            |    17 |    15 ||    32
